 Dungeon Crawl Stone Soup version 0.32-a0-17-gb74e046682 (webtiles) character file.

Game seed: 4310437944241379289

615 cforsyth the Trooper (level 7, -8/74 HPs)
             Began as an Oni Shapeshifter on Jan 15, 2024.
             Was an Initiate of Qazlal.
             Killed by divine providence
             ... invoked by an orc priest
              (16 damage)
             ... on level 5 of the Dungeon.
             The game lasted 00:04:46 (4633 turns).

cforsyth the Trooper (Oni Shapeshifter)             Turns: 4633, Time: 00:04:46

Health: -8/74      AC:  3    Str: 21    XL:     7   Next: 45%
Magic:  7/7        EV: 10    Int: 11    God:    Qazlal [......]
Gold:   204        SH:  0    Dex:  8    Spells: 6/6 levels left

rFire   . .          .
                       - Unarmed
rCold   . . .        (no shield)
rNeg    . . .        a - +0 animal skin
rPois   .            (helmet currently unavailable)
rElec   .            (cloak currently unavailable)
rCorr   .            (gloves unavailable)
SInv    .            (boots unavailable)
Will    .....        h - amulet of regeneration
Stlth   +            (no ring)
HPRegen 1.12/turn    (no ring)
MPRegen 0.10/turn

%: no passive effects
@: beast-form, marked
A: beast (slay +2), large, unfitting armour, horns 1, tough skin 1, double
potion healing, drunken brawling
a: Begin Untransformation, Renounce Religion


You were on level 5 of the Dungeon.
You worshipped Qazlal.
Qazlal was noncommittal.
You were a hulking beast.
You visited 1 branch of the dungeon, and saw 5 of its levels.

You collected 204 gold pieces.

Inventory:

Armour
 a - a +0 animal skin (worn)
 q - the +2 leather armour of the Clean God {rC++ rN+}
   (You found it on level 3 of the Dungeon)

   rC++:      It greatly protects you from cold.
   rN+:       It protects you from negative energy.
Jewellery
 h - an amulet of regeneration (around neck)
 u - a ring of protection from fire
Talismans
 c - a beast talisman
 d - a flux talisman
Wands
 s - a wand of flame (8)
Scrolls
 e - 6 scrolls of identify {unknown}
 g - a scroll of poison {unknown}
 i - 2 scrolls of teleportation {unknown}
 j - 2 scrolls of fog {unknown}
 k - 3 scrolls of noise {unknown}
 m - 2 scrolls of enchant weapon {unknown}
 p - 2 scrolls of enchant armour {unknown}
 r - a scroll of amnesia {unknown}
 t - a scroll of immolation {unknown}
 w - a scroll of silence {unknown}
Potions
 b - a potion of lignification
 f - 5 potions of curing {unknown}
 l - 2 potions of degeneration {unknown}
 n - 2 potions of ambrosia {unknown}
 o - a potion of mutation {unknown}
 v - 2 potions of haste {unknown}


   Skills:
 + Level 5.8 Fighting
 - Level 2.3 Dodging
 + Level 4.7 Unarmed Combat
 + Level 5.0 Shapeshifting


You had 6 spell levels left.
You didn't know any spells.
Your spell library contained the following spells:

 Spells                   Type           Power      Damage    Failure   Level
 Frozen Ramparts          Ice            0%         1d1       71%         3
 Stone Arrow              Conj/Erth      0%         3d7       71%         3
 Animate Armour           Summ/Erth      0%         N/A       98%         4
 Leda's Liquefaction      Alch/Erth      0%         N/A       98%         4
 Petrify                  Alch/Erth      0%         N/A       98%         4
 Metabolic Englaciation   Hex/Ice        0%         N/A       100%        5
 Lehudib's Crystal Spear  Conj/Erth      0%         10d2      100%        8


Dungeon Overview and Level Annotations

Branches:
Dungeon (5/15)             Temple (0/1) D:4

Altars:
Elyvilon
Makhleb
Qazlal
Sif Muna
Xom

Annotations:
D:4 1 runed translucent door, Crazy Yiuf


Innate Abilities, Weirdness & Mutations

You are a hulking beast.
Your limbs bulge with bestial killing power. (Slay +2)
You are too large for most types of armour.
You have a pair of small horns on your head.
You have tough skin. (AC +1)
You gain doubled healing and magic from potions.
Whenever you drink a healing potion, you attack all around you.


Message History

The ufetubus closely misses you.
The ufetubus hits you but does no damage.
The orc priest hits you from afar with a +0 trident.
You miss the ufetubus. Your punch misses the ufetubus.
The ufetubus barely misses you.
The ufetubus hits you but does no damage.
You hit the ufetubus. Your headbutt misses the ufetubus.
Your punch misses the ufetubus.
The ufetubus is heavily wounded.
The ufetubus hits you. The ufetubus misses you.
The orc priest hits you from afar with a +0 trident.
The ufetubus hits you.
The ufetubus hits you but does no damage.
You punch the ufetubus!
You kill the ufetubus!
Qazlal accepts your kill.
The orc priest hits you from afar with a +0 trident!
You are too injured to fight recklessly!
A bullfrog and 3 gnolls come into view.
The gnoll hits you from afar with a +0 halberd!
A gnoll comes into view. It is wielding a +0 whip.
The orc priest hits you with a +0 trident.
* * * LOW HITPOINT WARNING * * *
The gnoll moves out of view.
Items here: ( )) [ †.
You hit the orc priest.
The orc priest is moderately wounded.
The gnoll hits you from afar with a +0 halberd!
* * * LOW HITPOINT WARNING * * *
The orc priest hits you with a +0 trident.
* * * LOW HITPOINT WARNING * * *
You closely miss the orc priest. You headbutt the orc priest!
The orc priest is severely wounded.
The orc priest hits you with a +0 trident!
* * * LOW HITPOINT WARNING * * *
You hit the orc priest.
The orc priest is almost dead.
The orc priest calls down the wrath of Beogh upon you.
Beogh smites you!
You die...

#. ... ##+##
g...
#...###g....
#.....gF....
#...o########
#....h.......
#....###########
###....#.... ...
#....#.........
#....+....##.#
#....#....<..#
####.........#
#.#.......#
#.#.#..#..#


You could see an orc priest.

Vanquished Creatures
  Eustachio (D:3)
  A scorpion (D:4)
  A howler monkey (D:4)
  A sleepcap (D:4)
  3 hounds (D:4)
  2 iguanas (D:4)
  Robin (D:3)
  3 gnolls
  5 adders
  2 ufetubi (D:5)
  3 dart slugs
  2 ribbon worms (D:2)
  3 orcs
  11 bats
  11 endoplasms
  3 giant cockroaches
  19 goblins
  14 hobgoblins
  2 jackals (D:3)
  6 quokkas
  4 ball pythons
  3 frilled lizards
  4 kobolds
  6 rats
111 creatures vanquished.

Notes
Turn   | Place    | Note
-------+----------+-------------------------------------------
     0 | D:1      | cforsyth the Oni Shapeshifter began the quest for the Orb.
     0 | D:1      | Reached XP level 1. HP: 19/19 MP: 1/1
    58 | D:1      | Found a faded altar of an unknown god.
   124 | D:1      | Reached XP level 2. HP: 28/28 MP: 2/2
   351 | D:1      | Reached XP level 3. HP: 30/35 MP: 3/3
   956 | D:2      | Found a burning altar of Makhleb.
  1552 | D:2      | Reached XP level 4. HP: 44/44 MP: 4/4
  1929 | D:3      | Identified the +2 leather armour of the Clean God {rC++
                  | rN+}
  2039 | D:3      | Noticed Robin
  2247 | D:3      | Killed Robin
  2353 | D:3      | Reached XP level 5. HP: 51/53 MP: 5/5
  2844 | D:4      | Noticed Eustachio
  2996 | D:3      | Killed Eustachio
  2997 | D:3      | Reached XP level 6. HP: 23/63 MP: 6/6
  3134 | D:4      | Reached skill level 5 in Fighting
  3477 | D:4      | Reached XP level 7. HP: 59/72 MP: 7/7
  3622 | D:4      | Found a stormy altar of Qazlal.
  3625 | D:4      | Found a white marble altar of Elyvilon.
  3629 | D:4      | Found a shimmering blue altar of Sif Muna.
  3759 | D:4      | Became a worshipper of Qazlal Stormbringer
  3849 | D:4      | Found a staircase to the Ecumenical Temple.
  4049 | D:4      | Found a shimmering altar of Xom.
  4141 | D:4      | Found a runed translucent door.
  4142 | D:4      | Noticed Crazy Yiuf
  4597 | D:5      | Entered Level 5 of the Dungeon
  4620 | D:5      | Reached skill level 5 in Shapeshifting
  4633 | D:5      | Killed from afar by an orc priest

Illustrated notes

Levels and vault maps discovered:
D:1:      ncdulo_smallfort, layout_basic, hellmonk_ecumenical_altar_zigzags
D:2:      kennysheep_six_static_rooms, layout_loops_corners, basic_altar
D:3:      layout_basic, uniq_robin
D:4:      layout_layer_cave, kennysheep_little_box,
          grunt_temple_overflow_diamond, minmay_temple_entry_waves,
          minivault_26, uniq_eustachio, uniq_crazy_yiuf_cottage
D:5:      minmay_bubble_buster, layout_basic, nicolae_vehumet_radiance,
          chequers_temple_overflow_statue_of_worship, skrybe_limestone_x,
          kennysheep_generic_room_6

Skill      XL: |  1  2  3  4  5  6  7 |
---------------+----------------------+-----
Dodging        | 2 |  2.3
Fighting       | 2 3 4 5 |  5.8
Unarmed Combat | 3 4 |  4.7
Shapeshifting  | 4 5 |  5.0

Action                     |  1- 3 |  4- 6 |  7- 9 || total
---------------------------+-------+-------+-------++-------
  Melee: Unarmed           |   115 |   171 |    45 ||   331
         Headbutt          |    16 |    25 |     8 ||    49
         Punch             |       |     4 |     2 ||     6
  Evoke: Wand              |       |     4 |       ||     4
 Armour: Animal skin       |    80 |   161 |    51 ||   292
  Dodge: Dodged            |    50 |   113 |    22 ||   185

Table legend: (Time is in decaauts)
 A = Elapsed time spent in this place.
 B = Non-inter-level travel time spent in this place.
 C = Inter-level travel time spent in this place.
 D = Time resting spent in this place.
 E = Time spent auto-exploring this place.
 F = Levels seen in this place.
 G = Mean time per level.
                   A        B        C        D        E       F      G
               +--------+--------+--------+--------+--------+-----+--------+
         Total |   4613 |   4382 |    231 |    279 |   3317 |   5 |  922.6 |
       Dungeon |   4613 |   4382 |    231 |    279 |   3317 |   5 |  922.6 |
               +--------+--------+--------+--------+--------+-----+--------+

Top non-repeatable levels by time:
     D:4: 1516 daAuts
     D:3: 1256 daAuts
     D:2: 977 daAuts
     D:1: 828 daAuts
     D:5: 34 daAuts
